 Dungeon Crawl Stone Soup version 0.26.1-11-gd32895ea62 (webtiles) character file.

Game seed: 4642527699526359005

16316 RepoMan the Frost Mage (level 12, -6/62 HPs)
             Began as a Vine Stalker Ice Elementalist on June 15, 2021.
             Was a High Priest of Dithmenos.
             Mangled by a seven-headed hydra (7 damage)
             ... in a Gauntlet.
             The game lasted 01:51:36 (11350 turns).

RepoMan the Frost Mage (VSIE)                      Turns: 11350, Time: 01:51:36

Health: -6/62      AC:  9    Str: 12    XL:     12   Next: 36%
Magic:  0/26       EV: 15    Int: 19    God:    Dithmenos [*****.]
Gold:   715        SH: 10    Dex: 15    Spells: 9/29 levels left

rFire    . . .     SeeInvis .   p - +4 dagger (elec)
rCold    . . .     Faith    .   G - +2 buckler
rNeg     . . .     Spirit   +   h - +2 troll leather armour {Snorg}
rPois    +         Reflect  +   s - +0 helmet
rElec    .         Harm     .   D - +0 cloak
rCorr    .         Rampage  .   L - +0 pair of gloves {archery}
Will     +....     NoTele   +   (no boots)
Stlth    +++++.....             y - amulet of reflection
HPRegen  1.40/turn              E - +4 ring of evasion
MPRegen  0.20/turn              t - ring of poison resistance

@: very slightly contaminated, slowed, wreathed by umbra, very slow
A: fangs 3, regeneration 2, magic shield, antimagic bite, no potion heal 3
a: Renounce Religion, Shadow Step, Shadow Form


You were in a Gauntlet.
You worshipped Dithmenos.
Dithmenos was extremely pleased with you.
You visited 2 branches of the dungeon, and saw 13 of its levels.
You also visited: Sewer and Gauntlet.

You collected 715 gold pieces.

Inventory:

Hand Weapons
 p - a +4 dagger of electrocution (weapon)
 H - the +11 hand axe "Kazait" {drain, rPois rF- rN+ Str+2}
   (You found it on level 8 of the Dungeon)

   A truly terrible weapon, it drains the life of those it strikes.
   It affects your strength (+2).
   It makes you vulnerable to fire.
   It protects you from poison.
   It protects you from negative energy.
Missiles
 K - 5 curare-tipped darts
 P - 3 atropa-tipped darts
Armour
 c - a +1 ring mail of cold resistance
 h - a +2 troll leather armour (worn) {Snorg}
 s - a +0 helmet (worn)
 C - +0 acid dragon scales
 D - a +0 cloak (worn)
 G - a +2 buckler (worn)
 I - a +1 robe of the Archmagi
 L - a +0 pair of gloves of archery (worn)
 Q - +0 steam dragon scales
Magical Staves
 M - an uncursed staff of conjuration
Jewellery
 o - an uncursed ring of see invisible
 t - a ring of poison resistance (right hand)
 v - an uncursed amulet of magic regeneration
 x - an uncursed ring of flight
 y - an amulet of reflection (around neck)
 E - a +4 ring of evasion (left hand)
 F - an uncursed amulet of regeneration
Wands
 a - a wand of iceblast (4)
 i - a wand of disintegration (8)
 j - a wand of acid (1)
 k - a wand of digging (1)
 q - a wand of polymorph (29)
 B - a wand of random effects (33)
Scrolls
 b - 4 scrolls of remove curse
 d - 4 scrolls of fog
 f - 9 scrolls of identify
 g - 7 scrolls of teleportation
 n - 3 scrolls of enchant armour
 A - 2 scrolls of noise
 J - a scroll of immolation
 N - 2 scrolls of fear {unknown}
 O - 2 scrolls of blinking {unknown}
Potions
 e - 2 potions of attraction
 l - 5 potions of brilliance
 m - a potion of curing
 r - 2 potions of resistance
 u - 2 potions of lignification {unknown}
 w - 2 potions of flight
 z - 2 potions of mutation
 R - a potion of berserk rage {unknown}


   Skills:
 + Level 6.7 Fighting
 + Level 6.7 Short Blades
 - Level 1.5 Dodging
 + Level 7.0 Stealth
 + Level 9.0 Spellcasting
 + Level 6.2 Conjurations
 * Level 12.5 Ice Magic


You had 9 spell levels left.
You knew the following spells:

 Your Spells              Type           Power        Failure   Level
a - Freeze                Ice            100%         1%          1
b - Summon Ice Beast      Ice/Summ       32%          14%         4
c - Ozocubu's Armour      Ice            54%          1%          3
d - Dazzling Flash        Conj/Hex       40%          16%         3
e - Searing Ray           Conj           64%          1%          2
h - Hailstorm             Conj/Ice       44%          3%          4
r - Frozen Ramparts       Ice            100%         1%          3

Your spell library contained the following spells:

 Spells                   Type           Power        Failure   Level
 Magic Dart               Conj           100%         1%          1
 Fulminant Prism          Conj/Hex       10%          45%         4
 Iskenderun's Mystic Bla  Conj/Tloc      20%          45%         4
 Irradiate                Conj/Tmut      10%          80%         5
 Hydra Form               Tmut           4%           100%        6
 Statue Form              Tmut/Erth      5%           100%        6
 Dragon Form              Tmut           4%           100%        7


Dungeon Overview and Level Annotations

Branches:
Dungeon (12/15)            Temple (1/1) D:7            Lair (0/6) D:9
    Orc (0/2) D:12          Sewer (visited)         Gauntlet (1/1)

Altars:
Ashenzari
Cheibriados
Dithmenos
Elyvilon
Fedhas
Gozag
Hepliaklqana
Kikubaaqudgha
Makhleb
Nemelex Xobeh
Okawaru
Qazlal
Ru
Sif Muna
Trog
Uskayaw
Vehumet
Wu Jian
Xom
Yredelemnul
Zin
The Shining One
Beogh

Shops:
D:5 (   D:11 (

Annotations:
D:1 exclusion: 2 downstairs
D:12 Jorgrun Gauntlet 7 transporters, 1 runed translucent door, exclusion: obsidian statue


Innate Abilities, Weirdness & Mutations

You have razor-sharp teeth.
You heal very quickly.
When hurt, damage is shared between your health and your magic reserves.
Your bite disrupts and absorbs the magic of your enemies.
Potions cannot restore your health.


Message History

The seven-headed hydra bites you but does no damage.
The seven-headed hydra bites you.
Okay, then.
Your icy armour will break if you move.
Continue?
Your icy armour cracks and falls away as you move.
The torpor snail bites you but does no damage.
The seven-headed hydra bites you!
* * * LOW HITPOINT WARNING * * *
You block the seven-headed hydra's attack.
The seven-headed hydra bites you!
* * * LOW HITPOINT WARNING * * *
The seven-headed hydra closely misses you.
You block the seven-headed hydra's attack. x2
The seven-headed hydra misses you.
The seven-headed hydra completely misses you.
You block the seven-headed hydra's attack. x2
The seven-headed hydra bites you!
* * * LOW HITPOINT WARNING * * *
The seven-headed hydra bites you!
You die...

.#.8.8.8.8.8.#.8..≈≈#
.#©.........©#....≈##
#######.#########.##
..8...#.#..8#8..#.≈##
##.####.#...8...#.≈≈#
# ..#.#8.8.8.8#.≈#
##.####8.©w8##.##
.#.#.#8.8D8.8#.≈##
.#.#.#...8@..#.≈≈#
©.?.#.#.!.©[[.#.≈##
######.#########.##
.............≈#
∩.8.∩..#≈≈≈#≈≈≈#
......###≈###≈##
##### ### ## ....


You could see a seven-headed hydra and a torpor snail.

Vanquished Creatures
  Erolcha (D:10)
  2 two-headed ogres
  An unseen horror (D:11)
  A necromancer (Gauntlet)
  A deep elf mage (D:8)
  An ugly thing (D:12)
  A manticore (D:12)
  2 centaur skeletons
  A komodo dragon (D:9)
  Grinder (D:3)
  3 trolls
  Sigmund (D:2)
  3 wyverns
  7 yaks
  A wraith (D:10)
  A steam dragon (D:11)
  2 acid dragons
  3 swamp worms (Gauntlet)
  8 ice beasts
  5 orc warriors
  An eye of draining (D:11)
  A necrophage (D:9)
  8 ogres
  4 phantoms
  5 wolves (Gauntlet)
  7 centaurs
  5 big kobolds
  7 bullfrogs
  A gnoll sergeant (D:10)
  A scorpion (D:7)
  14 wights
  10 killer bees
  A howler monkey (D:6)
  4 electric eels
  2 centaur zombies
  2 bullfrog zombies (D:9)
  5 jellies
  A quasit (D:9)
  5 hounds
  4 orc priests
  16 orc wizards
  Jessica (D:2)
  3 iguanas
  Ijyb (D:3)
  7 worker ants
  4 hound skeletons
  2 worker ant zombies
  4 gnolls
  21 adders
  2 river rats
  2 shadow imps
  4 white imps
  3 ufetubi
  2 adder zombies
  2 adder skeletons
  5 worms
  3 dart slugs
  8 leopard geckos
  48 orcs
  2 ball pythons
  2 giant cockroaches
  23 goblins
  12 hobgoblins
  16 jackals
  27 kobolds
  7 quokkas
  9 bats
  4 frilled lizards
  A giant cockroach zombie (D:6)
  A leopard gecko skeleton (D:6)
  10 rats
386 creatures vanquished.

Vanquished Creatures (collateral kills)
  Snorg (D:10)
  A sky beast (D:10)
2 creatures vanquished.

Vanquished Creatures (others)
  26 plants (D:9)
26 creatures vanquished.

Grand Total: 414 creatures vanquished

Notes
Turn   | Place    | Note
-------+----------+-------------------------------------------
     0 | D:1      | RepoMan the Vine Stalker Ice Elementalist began the quest
                  | for the Orb.
     0 | D:1      | Reached XP level 1. HP: 9/9 MP: 4/4
   399 | D:1      | Reached XP level 2. HP: 13/13 MP: 4/6
  1152 | D:2      | Noticed Jessica
  1201 | D:2      | Reached XP level 3. HP: 16/16 MP: 5/8
  1433 | D:2      | Noticed Sigmund
  1745 | D:2      | Reached skill level 5 in Ice Magic
  1749 | D:2      | Learned a level 3 spell: Frozen Ramparts
  1753 | D:2      | Learned a level 3 spell: Ozocubu's Armour
  1953 | D:2      | Killed Jessica
  1954 | D:2      | Gained mutation: Your natural rate of healing is unusually
                  | fast. [Vine Stalker growth]
  1954 | D:2      | Reached XP level 4. HP: 9/21 MP: 1/9
  2090 | D:2      | Killed Sigmund
  2091 | D:2      | Reached skill level 6 in Ice Magic
  2091 | D:2      | Reached XP level 5. HP: 9/24 MP: 2/11
  2091 | D:2      | Reached XP level 6. HP: 11/28 MP: 2/12
  2479 | D:3      | Noticed Grinder
  2524 | D:3      | Killed Grinder
  2525 | D:3      | Reached skill level 7 in Ice Magic
  2525 | D:3      | Reached XP level 7. HP: 25/32 MP: 7/14
  2584 | D:3      | Noticed Ijyb
  2597 | D:3      | Killed Ijyb
  2764 | D:3      | Reached skill level 1 in Fighting
  2764 | D:3      | Reached skill level 1 in Short Blades
  2801 | D:3      | Found a white marble altar of Elyvilon.
  3074 | D:3      | Reached skill level 5 in Spellcasting
  3399 | D:4      | Gained mutation: You have razor-sharp teeth. [Vine Stalker
                  | growth]
  3399 | D:4      | Reached XP level 8. HP: 34/37 MP: 11/16
  3440 | D:4      | Found a sacrificial altar of Ru.
  3742 | D:4      | Found a blossoming altar of Fedhas.
  3748 | D:4      | Reached skill level 8 in Ice Magic
  3878 | D:5      | Entered Level 5 of the Dungeon
  4015 | D:5      | Found an ornate altar of the Wu Jian Council.
  4639 | D:5      | Found Kestaasu's Weapon Emporium.
  4960 | D:6      | Found a glowing drain.
  4981 | Sewer    | Entered a sewer
  5076 | Sewer    | Found a white marble altar of Elyvilon.
  5272 | D:6      | Learned a level 4 spell: Hailstorm
  5277 | D:6      | Reached skill level 9 in Ice Magic
  5277 | D:6      | Reached XP level 9. HP: 44/44 MP: 19/19
  5442 | D:6      | Reached skill level 1 in Conjurations
  6222 | D:7      | Found a staircase to the Ecumenical Temple.
  6242 | Temple   | Entered the Ecumenical Temple
  6262 | Temple   | Became a worshipper of Dithmenos the Shadowed
  6293 | D:7      | Found a snail-covered altar of Cheibriados.
  6294 | D:7      | Found a hide-covered altar of Uskayaw.
  6457 | D:7      | Found a glowing silver altar of Zin.
  6458 | D:7      | Found a basalt altar of Yredelemnul.
  6602 | D:8      | Noticed a deep elf mage
  6611 | D:8      | Killed a deep elf mage
  6612 | D:8      | Reached skill level 10 in Ice Magic
  6625 | D:8      | Reached XP level 10. HP: 36/50 MP: 12/21
  6730 | D:7      | Reached * piety under Dithmenos
  6831 | D:8      | Got a scorched chain mail
  6885 | D:8      | Got a slimy hand axe
  6917 | D:8      | Identified the +6 hunting sling "Liukucal" {flame, Int+3}
  6975 | D:8      | Learned a level 4 spell: Summon Ice Beast
  7126 | D:8      | Reached ** piety under Dithmenos
  7439 | D:8      | Reached skill level 5 in Short Blades
  7483 | D:8      | Learned a level 3 spell: Dazzling Flash
  7662 | D:8      | Reached skill level 5 in Fighting
  7753 | D:8      | Identified the cursed +1 chain mail "Caegh" {Harm Dex+2}
                  | (You found it on level 8 of the Dungeon)
  7753 | D:8      | Identified the +11 hand axe "Kazait" {drain, rPois rF- rN+
                  | Str+2} (You found it on level 8 of the Dungeon)
  7908 | D:9      | Reached *** piety under Dithmenos
  8034 | D:9      | Reached skill level 11 in Ice Magic
  8066 | D:9      | Found a roughly hewn altar of Beogh.
  8303 | D:9      | Found a shadowy altar of Dithmenos.
  8332 | D:9      | Reached XP level 11. HP: 56/56 MP: 21/23
  8439 | D:9      | Found a staircase to the Lair.
  8681 | D:9      | Reached **** piety under Dithmenos
  8789 | D:9      | Found an iron altar of Okawaru.
  8952 | D:10     | Entered Level 10 of the Dungeon
  8952 | D:10     | Noticed Erolcha
  8957 | D:10     | Killed Erolcha
  8967 | D:10     | Reached skill level 5 in Conjurations
  9069 | D:10     | Reached skill level 5 in Stealth
  9315 | D:10     | Noticed a two-headed ogre
  9325 | D:10     | Killed a two-headed ogre
  9407 | D:10     | Reached ***** piety under Dithmenos
  9741 | D:10     | Noticed Snorg
  9758 | D:10     | Killed Snorg
  9891 | D:11     | Reached skill level 12 in Ice Magic
 10227 | D:11     | Noticed a two-headed ogre
 10237 | D:11     | Killed a two-headed ogre
 10238 | D:11     | Gained mutation: You heal very quickly. [Vine Stalker
                  | growth]
 10238 | D:11     | Reached XP level 12. HP: 51/62 MP: 2/25
 10423 | D:11     | Found Wiyshai's Weapon Emporium.
 11002 | D:12     | Learned a level 2 spell: Searing Ray
 11028 | D:12     | Noticed Jorgrun
 11057 | D:12     | Found a gate leading to a gauntlet.
 11067 | Gauntlet | Entered a Gauntlet
 11067 | Gauntlet | Found a transporter.
 11067 | Gauntlet | Found a transporter.
 11067 | Gauntlet | Found a runed translucent door.
 11068 | Gauntlet | Noticed a tengu warrior
 11071 | Gauntlet | Found a runed translucent door.
 11081 | Gauntlet | Found a transporter.
 11123 | Gauntlet | Found a transporter.
 11225 | Gauntlet | Found a runed translucent door.
 11226 | Gauntlet | Noticed a catoblepas
 11228 | Gauntlet | Found a transporter.
 11228 | Gauntlet | Found a transporter.
 11230 | Gauntlet | Found a runed translucent door.
 11232 | Gauntlet | Found a transporter.
 11232 | Gauntlet | Found a transporter.
 11242 | Gauntlet | Found a transporter.
 11272 | Gauntlet | Noticed a seven-headed hydra
 11334 | Gauntlet | Found a transporter.
 11336 | Gauntlet | Found a transporter.
 11336 | Gauntlet | Found a transporter.
 11350 | Gauntlet | HP: 1/62 [seven-headed hydra (6)]
 11350 | Gauntlet | Mangled by a seven-headed hydra

Illustrated notes

Levels and vault maps discovered:
D:1:      mrwooster_arrival_statue_3, layout_loops_corners,
          chequers_decorated_corner
D:2:      layout_loops_ring, chequers_garden, uniq_jessica, uniq_sigmund
D:3:      cheibrodos_greedy_goblins, layout_rooms, elyvilon_altar_1, uniq_ijyb,
          uniq_grinder
D:4:      minmay_evil_eye, layout_cave_pools, fedhas_altar_fruit_tree,
          nicolae_ru_great_annihilating_truth
D:5:      layout_layer_cave, nzn_wu_jian_contemplation, serial_shops,
          nicolae_shop_competitors_out_of_business
D:6:      layout_basic, portal_sewer_entry_c
D:7:      layout_basic, nicolae_overflow_hidden_temple, temple_fountains
D:8:      minmay_the_grid_plus [minmay_the_grid_rooms,
          minmay_the_grid_broken_lines, minmay_the_grid_doors,
          minmay_the_grid_expand, minmay_the_grid_prize_four_corners_diamond_b],
          layout_rooms, kennysheep_big_empty_room
D:9:      layout_cave_pods, david_lair_shrubbed, serial_column_ruins,
          column_ruins_temple_hall, column_ruins_hut_pillars,
          column_ruins_open_small, column_ruins_grid_3, column_ruins_open_small,
          column_ruins_open_medium, special_room [special_room_orc],
          st_stairs_6, okawaru_altar_gauntlet_db
D:10:     layout_roguey, uniq_snorg, uniq_erolcha
D:11:     statuecave_lemuel, layout_loops_ring, serial_shops, kennysheep_mini,
          chequers_arboretum, serial_park_tiny_2, nicolae_water_bricks
D:12:     nzn_motion_control, layout_loops_corners, orc_0_dummy,
          gauntlet_entry_generic, uniq_jorgrun
Temple:   lightli_temple_of_artemis
Gauntlet: minmay_gauntlet_77_indecision [minmay_gauntlet_arena_77_hold_the_fort,
          minmay_gauntlet_arena_77_shame_cube,
          minmay_gauntlet_arena_77_squiggly, minmay_gauntlet_arena_77_cramped,
          minmay_gauntlet_arena_77_mirror,
          minmay_gauntlet_arena_77_terracotta_army,
          nicolae_gauntlet_exit_dead_adventurers]

Skill      XL: |  1  2  3  4  5  6  7  8  9 10 11 12 |
---------------+-------------------------------------+-----
Ice Magic      | 5 6 7 9 10 11 12 | 12.5
Spellcasting   | 3 4 5 6 7 8 9 |  9.0
Fighting       | 1 3 4 5 6 |  6.7
Short Blades   | 1 3 4 5 6 |  6.7
Conjurations   | 3 4 5 6 |  6.2
Stealth        | 4 6 7 |  7.0
Dodging        | |  1.5

Action                   |  1- 3 |  4- 6 |  7- 9 | 10-12 || total
-------------------------+-------+-------+-------+-------++-------
Melee: Unarmed           |     3 |       |       |       ||     3
       Dagger            |    34 |    21 |   203 |   354 ||   612
       Bite              |     5 |     5 |    43 |    86 ||   139
 Cast: Freeze            |    43 |    10 |    48 |    46 ||   147
       Frozen Ramparts   |     1 |     1 |    15 |    31 ||    48
       Ozocubu's Armour  |       |     2 |     1 |    30 ||    33
       Hailstorm         |       |       |       |    20 ||    20
       Dazzling Flash    |       |       |       |     3 ||     3
       Summon Ice Beast  |       |       |       |     2 ||     2
Evoke: Wand              |       |       |    14 |    23 ||    37
  Use: Scroll            |       |     7 |     7 |     6 ||    20
       Potion            |       |       |       |     5 ||     5
 Stab: Sleeping          |     5 |       |     3 |    22 ||    30
       Distracted        |     2 |     1 |       |     1 ||     4
       Paralysed         |       |       |     1 |       ||     1
Armor: Robe              |     9 |     2 |       |    51 ||    62
       Leather armour    |       |     3 |     5 |       ||     8
       Ring mail         |       |       |    36 |     3 ||    39
       Acid dragon scale |       |       |       |     5 ||     5
       Troll leather arm |       |       |       |    26 ||    26
Dodge: Dodged            |    33 |    18 |   106 |   188 ||   345
Block: Other             |       |       |     8 |    60 ||    68
       Reflection        |       |       |     1 |    10 ||    11
       Buckler           |       |       |       |    13 ||    13
